 Dungeon Crawl Stone Soup version 0.31-a0-188-g5e087ee2ca (webtiles) character file.

Game seed: 15022016323069154421

31 qw the Shooter (level 3, -3/20 HPs)
             Began as a Deep Elf Hunter on June 23, 2023.
             Slain by a gnoll
             ... wielding a +2 vampiric spear
              (6 damage)
             ... on level 2 of the Dungeon.
             The game lasted 00:00:19 (842 turns).

qw the Shooter (Deep Elf Hunter)                     Turns: 842, Time: 00:00:19

Health: -3/20      AC:  6    Str: 10    XL:     3   Next: 7%
Magic:  5/5        EV: 11    Int: 13    God:
Gold:   63         SH:  0    Dex: 18    Spells: 2/2 levels left

rFire   . . .        Y - +0 shortbow
rCold   . . .        (shield currently unavailable)
rNeg    . . .        d - +0 ring mail
rPois   .            (no helmet)
rElec   .            (no cloak)
rCorr   .            h - +0 pair of gloves
SInv    .            (no boots)
Will    .....        (no amulet)
Stlth   +            (no ring)
HPRegen 0.23/turn    (no ring)
MPRegen 0.09/turn

%: no passive effects
@: no status effects
A: no striking features
a: no special abilities


You were on level 2 of the Dungeon.
You visited 1 branch of the dungeon, and saw 2 of its levels.

You collected 63 gold pieces.


   Skills:
 - Level 1.5 Fighting
 + Level 6.7 Ranged Weapons
 - Level 2.4 Dodging
 - Level 1.2 Stealth


You had 2 spell levels left.
You didn't know any spells.
Your spell library was empty.

Inventory:

Hand Weapons
 Y - a +0 shortbow (weapon)
Armour
 d - a +0 ring mail (worn)
 h - a +0 pair of gloves (worn)
Potions
 e - a potion of haste
 f - a potion of might

Dungeon Overview and Level Annotations

Branches:
Dungeon (2/15)

Altars:

Shops:
D:1 *


Message History

A quokka comes into view.
You shoot an arrow. The arrow hits the quokka.
The quokka is moderately wounded.
You shoot an arrow. The arrow closely misses the quokka.
You shoot an arrow. The arrow misses the quokka.
You shoot an arrow. The arrow misses the quokka.
A gnoll comes into view. It is wielding a +2 vampiric spear.
The quokka bites you but does no damage.
You shoot an arrow. The arrow barely misses the quokka.
The gnoll shouts!
The quokka bites you.
You shoot an arrow. The arrow closely misses the quokka.
The quokka misses you. The quokka closely misses you.
You shoot an arrow. The arrow hits the quokka!
You kill the quokka!
You shoot an arrow. The arrow hits the gnoll.
The gnoll is lightly wounded.
You shoot an arrow. The arrow hits the gnoll.
The gnoll is moderately wounded.
A gnoll comes into view. It is wielding a +0 whip.
The gnoll hits you but does no damage.
You shoot an arrow. The arrow closely misses the gnoll.
The gnoll shouts!
You hear an angry hiss.
A gnoll comes into view.
It is wielding a +2 whip of venom and quivering poisoned darts.
The gnoll barely misses you.
838 ||| Stepping ~*~*~tactically~*~*~ (outnumbered).
The gnoll hits you from afar with a +2 vampiric spear!
You shoot an arrow. The arrow barely misses the gnoll.
The gnoll hits you from afar with a +2 vampiric spear.
The gnoll draws strength from your wounds!
You shoot an arrow. The arrow closely misses the gnoll.
The gnoll hits you from afar with a +2 vampiric spear.
You shoot an arrow. The arrow hits the gnoll.
The gnoll is moderately wounded.
The gnoll closely misses you.
You shoot an arrow. The arrow hits the gnoll!
The gnoll is almost dead.
The gnoll hits you from afar with a +2 vampiric spear.
You die...

....#%##.......#
......##.......#
...#..##.......#
....>..........#
..%............####
..................######
......................>.
.........#####...#.#####
.........# ###@#.....g
.......<.# #.%#
..................gg..g.
...)...#############.#
....


You could see 2 gnolls.

Vanquished Creatures
  A worm (D:2)
  2 endoplasms (D:1)
  2 giant cockroaches
  2 goblins (D:1)
  2 hobgoblins (D:1)
  3 jackals (D:2)
  2 kobolds
  2 quokkas
  2 ball pythons
  3 bats (D:1)
  2 frilled lizards
  3 rats
26 creatures vanquished.

Notes
Turn   | Place    | Note
-------+----------+-------------------------------------------
     0 | D:1      | qw the Deep Elf Hunter began the quest for the Orb.
     0 | D:1      | Reached XP level 1. HP: 12/12 MP: 3/3
     0 | D:1      | 0 ||| qw: Version: 0.3-a-9-g12657ce
     0 | D:1      | 0 ||| qw: Game counter: 3401
     0 | D:1      | 0 ||| qw: Always use a shield: true
     0 | D:1      | 0 ||| qw: God list: Okawaru
     0 | D:1      | 0 ||| qw: Allow faded altars: false
     0 | D:1      | 0 ||| qw: Do Orc after D:15 true
     0 | D:1      | 0 ||| qw: Do second Lair branch before Depths: true
     0 | D:1      | 0 ||| qw: Lair rune preference: random
     0 | D:1      | 0 ||| qw: Plans: Normal
     0 | D:1      | 0 ||| PLANNING D:1-11
   141 | D:1      | Found Veijit's Assorted Antiques.
   146 | D:1      | Reached skill level 6 in Ranged Weapons
   146 | D:1      | Reached XP level 2. HP: 16/16 MP: 4/4
   148 | D:1      | 148 ||| SHOPLISTING black potion (19 gold, have 18).
   148 | D:1      | 148 ||| SHOPLISTING bubbling black potion (19 gold, have
                  | 18).
   148 | D:1      | 148 ||| SHOPLISTING green potion (19 gold, have 18).
   148 | D:1      | 148 ||| SHOPLISTING scroll labelled LYOROT QIFF (22 gold,
                  | have 18).
   148 | D:1      | 148 ||| SHOPLISTING scroll labelled RITHRU VO ISO (22 gold,
                  | have 18).
   148 | D:1      | 148 ||| SHOPLISTING scroll labelled TOKHLE NIKERAR (22
                  | gold, have 18).
   148 | D:1      | 148 ||| SHOPLISTING thick robe (125 gold, have 18).
   724 | D:1      | 724 ||| UPGRADING to +0 ring mail.
   734 | D:1      | 734 ||| DROPPING +0 leather armour.
   735 | D:1      | 735 ||| UPGRADING to +0 pair of gloves.
   740 | D:1      | 740 ||| READING scroll labelled INLOLI SATI.
   741 | D:1      | 741 ||| DRINKING 2 clear potions.
   742 | D:1      | 742 ||| DRINKING 2 fizzy coppery potions.
   743 | D:1      | 743 ||| DROPPING scroll of butterflies.
   809 | D:2      | Reached XP level 3. HP: 19/20 MP: 5/5
   838 | D:2      | 838 ||| Stepping ~*~*~tactically~*~*~ (outnumbered).
   840 | D:2      | HP: 3/20 [gnoll/+2 vampiric spear (5)]
   842 | D:2      | Slain by a gnoll

Levels and vault maps discovered:
D:1:      psy_arrival_fountain, layout_basic, serial_shops,
          nicolae_shop_statue_plus
D:2:      layout_rooms, uniq_jessica

Skill      XL: |  1 |
---------------+----+-----
Ranged Weapons | 6 |  6.7
Fighting       | |  1.5
Dodging        | |  2.4
Stealth        | |  1.2

Action                     || total
---------------------------++-------
   Fire: Shortbow          ||    73
    Use: Potion            ||     2
         Scroll            ||     1
 Armour: Leather armour    ||     2
         Ring mail         ||    11
  Dodge: Dodged            ||    11

Table legend:
 A = Non-vault XP
 B = Vault XP
 C = Vault XP percentage of total XP
 D = Non-vault monster count
 E = Vault monster count
 F = Vault count percentage of total count
                 A         B        C        D         E       F
            +---------+---------+-------+---------+---------+-------
      Total |      45 |       0 |   0.0 |      26 |       0 |   0.0
            +---------+---------+-------+---------+---------+-------
        D:1 |      25 |       0 |   0.0 |      16 |       0 |   0.0
        D:2 |      20 |       0 |   0.0 |      10 |       0 |   0.0
            +---------+---------+-------+---------+---------+-------
